 Dungeon Crawl Stone Soup version 0.29-a0-529-gfa20dd96a1 (webtiles) character file.

Game seed: 3836237448745712578

35 freelancePsychic the Magician (level 3, 0/28 HPs)
             Began as a Meteoran Wanderer on June 2, 2022.
             Slain by an adder (2 damage)
             ... on level 2 of the Dungeon.
             The game lasted 00:03:07 (338 turns).

freelancePsychic the Magician (Meteoran Wanderer)    Turns: 338, Time: 00:03:07

Health: 0/28       AC:  2    Str: 12    XL:     3   Next: 76%
Magic:  0/9        EV: 11    Int: 20    God:
Gold:   27         SH:  0    Dex: 10    Spells: 7/10 levels left

rFire   . . .      SeeInvis .   a - +0 dagger
rCold   . . .      Faith    .   (no shield)
rNeg    . . .      Spirit   .   d - +0 robe
rPois   .          Reflect  .   (no helmet)
rElec   .          Harm     .   (no cloak)
rCorr   .          Rampage  .   (no gloves)
Will    .....                   (no boots)
Stlth   +.........              e - amulet of regeneration
HPRegen 0.89/turn               (no ring)
MPRegen 0.11/turn               (no ring)

@: lethally poisoned (0 -> -1), very slightly contaminated, glowing
A: sense surroundings 1, otherworldly, glowing, explore regen
a: no special abilities


You were on level 2 of the Dungeon.
You visited 1 branch of the dungeon, and saw 2 of its levels.

You collected 27 gold pieces.

Inventory:

Hand Weapons
 a - a +0 dagger (weapon)
Missiles
 b - 10 poisoned darts (quivered)
 f - 3 curare-tipped darts
Armour
 d - a +0 robe (worn)
Jewellery
 e - an amulet of regeneration (around neck)
Potions
 c - a potion of haste {@q3}


   Skills:
 + Level 1.0 Fighting
 - Level 2.4 Throwing
 - Level 1.2 Dodging
 - Level 1.0 Stealth
 - Level 4.0 Spellcasting
 * Level 1.1 Transmutations
 * Level 1.9 Air Magic
 * Level 3.2 Poison Magic


You had 7 spell levels left.
You knew the following spells:

 Your Spells              Type           Power      Damage    Failure   Level
a - Sting                 Tmut/Pois      48%        1d5       5%          1
b - Poisonous Vapours     Pois/Air       28%        N/A       7%          2

Your spell library contained the following spells:

 Spells                   Type           Power      Damage    Failure   Level
 Summon Small Mammal      Summ           16%        N/A       13%         1
 Spider Form              Tmut/Pois      12%        N/A       16%         3
 Ignite Poison            Fire/Tmut/Pois 9%         N/A       22%         3
 Tukima's Dance           Hex            4%         N/A       36%         3


Dungeon Overview and Level Annotations

Branches:
Dungeon (2/15)

Altars:


Innate Abilities, Weirdness & Mutations

You passively map a small area around you.
You are easily found by Zot.
You glow in the dark.
You regain HP and MP as you explore.


Message History

The hobgoblin hits you.
You barely miss the hobgoblin.
The hobgoblin is almost dead.
The hobgoblin hits you.
You barely miss the hobgoblin.
The hobgoblin is almost dead.
The hobgoblin hits you.
You hit the hobgoblin.
You kill the hobgoblin!
The adder bites you.
You are poisoned.
The adder poisons you!
You closely miss the adder.
The adder is heavily wounded.
You feel sick. The adder barely misses you.
Casting: Poisonous Vapours (safe; 7% risk of failure)
Confirm with . or Enter, or press ? or * to list all spells.
Aiming: Sting (safe; 5% risk of failure)
Press: ? - help, Shift-Dir - straight line, f/p - adder
Aim: an adder (heavily wounded, poisoned, 53% to hit)
You miscast Sting.
You are very lightly contaminated with residual magic.
Nothing appears to happen.
You feel sick. The adder misses you.
You hit the adder but do no damage.
The adder is severely wounded.
You feel sick. The adder closely misses you.
You closely miss the adder.
The adder is almost dead.
You feel sick. The adder bites you.
* * * LOW HITPOINT WARNING * * *
You are more poisoned.
The adder poisons you! The adder bites you.
* * * LOW HITPOINT WARNING * * *
You feel sick. The adder attacks as you move away! The adder bites you.
* * * LOW HITPOINT WARNING * * *
You feel sick.
The adder looks more healthy.
The adder attacks as you move away! The adder barely misses you.
You feel sick. The adder bites you.
You die...

, .## , #.# , ..# ,
,, ####.## #.# *
#...... #.# ,
#.##.## #†# , , *
#.##.#* #.# ,
#.#..# #.# * #.#.##
#S###########.#.###
#.@.............†..
####.#..#.###.#.###
#>#..#.###.#.#
#.#......))..#
#.##.#.###.###
#.##.).....#
#......#####
########


You could see an adder.

Vanquished Creatures
  An adder (D:2)
  2 dart slugs
  A bat (D:1)
  2 giant cockroaches
  4 goblins
  4 hobgoblins
  A kobold (D:2)
  A quokka (D:1)
  A frilled lizard (D:2)
  A rat (D:2)
18 creatures vanquished.

Notes
Turn   | Place    | Note
-------+----------+-------------------------------------------
     0 | D:1      | freelancePsychic the Meteoran Wanderer began the quest for
                  | the Orb.
     0 | D:1      | freelancePsychic set off with the following items: a +0
                  | dagger, 10 poisoned darts, a potion of haste {@q3}, a +0
                  | robe; and the following spells available to memorise:
                  | Sting, Summon Small Mammal, Poisonous Vapours, Spider Form,
                  | Ignite Poison, Tukima's Dance
     0 | D:1      | Reached XP level 1. HP: 14/14 MP: 6/6
     2 | D:1      | Learned a level 1 spell: Sting
    49 | D:1      | Reached XP level 2. HP: 20/22 MP: 4/8
    52 | D:1      | Reached skill level 1 in Air Magic
    99 | D:1      | Learned a level 2 spell: Poisonous Vapours
   179 | D:2      | Reached XP level 3. HP: 4/27 MP: 1/9
   265 | D:2      | Reached skill level 1 in Transmutations
   306 | D:2      | Reached skill level 1 in Fighting
   338 | D:2      | Slain by an adder

Illustrated notes

Levels and vault maps discovered:
D:1:      psy_arrival_basics, layout_rooms, serial_rivers,
          chequers_serial_rivers_micro_a, chequers_serial_rivers_micro_b,
          chequers_serial_rivers_micro_b, chequers_serial_rivers_marsh,
          chequers_serial_rivers_micro_e,
          dreamdust_ecumenical_altar_angels_and_demons
D:2:      layout_loops_cross, minmay_quantized

Skill      XL: |  1  2  3 |
---------------+----------+-----
Air Magic      | 1 |  1.9
Poison Magic   | 3 |  3.2
Transmutations | 1 |  1.1
Fighting       | 1 |  1.0
Throwing       | |  2.4
Dodging        | |  1.2
Stealth        | |  1.0
Spellcasting   | |  4.0

Action                   || total
-------------------------++-------
Melee: Dagger            ||    40
 Cast: Sting             ||    12
       Poisonous Vapours ||    16
Armor: Robe              ||    10
Dodge: Dodged            ||    23

Table legend: (Time is in decaauts)
 A = Elapsed time spent in this place.
 B = Non-inter-level travel time spent in this place.
 C = Inter-level travel time spent in this place.
 D = Time resting spent in this place.
 E = Time spent auto-exploring this place.
 F = Levels seen in this place.
 G = Mean time per level.
                   A        B        C        D        E       F      G
               +--------+--------+--------+--------+--------+-----+--------+
         Total |    338 |    307 |     31 |      0 |      0 |   2 |  169.0 |
       Dungeon |    338 |    307 |     31 |      0 |      0 |   2 |  169.0 |
               +--------+--------+--------+--------+--------+-----+--------+

Top non-repeatable levels by time:
     D:2: 198 daAuts
     D:1: 139 daAuts
